 Dungeon Crawl Stone Soup version 0.29.0-3-gbb0933ed62 (webtiles) character file.

Game seed: 12229995704938603803

46 Persephone the Shooter (level 3, -6/21 HPs)
             Began as a Deep Elf Arcane Marksman on Aug 25, 2022.
             Succumbed to Crazy Yiuf's poison
             ... on level 2 of the Dungeon on Aug 26, 2022.
             The game lasted 00:03:49 (1451 turns).

Persephone the Shooter (Deep Elf Arcane Marksman)   Turns: 1451, Time: 00:03:50

Health: -6/21      AC:  2    Str:  7    XL:     3   Next: 46%
Magic:  6/7        EV: 13    Int: 17    God:
Gold:   48         SH:  0    Dex: 17    Spells: 4/5 levels left

rFire   . . .      SeeInvis .   a - +1 sling
rCold   + . .      Faith    .   (no shield)
rNeg    . . .      Spirit   .   c - +0 robe
rPois   .          Reflect  .   (no helmet)
rElec   .          Harm     .   (no cloak)
rCorr   .          Rampage  .   (no gloves)
Will    .....                   (no boots)
Stlth   ++........              (no amulet)
HPRegen 0.07/turn               g - ring of protection from cold
MPRegen 0.10/turn               (no ring)

@: lethally poisoned (-6 -> -39)
A: no striking features
a: no special abilities


You were on level 2 of the Dungeon.
You visited 1 branch of the dungeon, and saw 2 of its levels.

You collected 48 gold pieces.

Inventory:

Hand Weapons
 a - a +1 sling (weapon)
Armour
 c - a +0 robe (worn)
Jewellery
 g - a ring of protection from cold (left hand)
 h - a ring of ice
Wands
 j - a wand of digging (5)
Scrolls
 b - a scroll of poison
 i - a scroll of enchant armour {unknown}
Potions
 d - a potion of degeneration {unknown}
 e - a potion of brilliance {unknown}
 f - a potion of attraction {unknown}


   Skills:
 + Level 2.0 Fighting
 + Level 4.1 Ranged Weapons
 - Level 2.4 Dodging
 + Level 1.5 Spellcasting
 - Level 4.0 Hexes


You had 4 spell levels left.
You knew the following spells:

 Your Spells              Type           Power      Damage    Failure   Level
a - Slow                  Hex            56%        N/A       4%          1

Your spell library contained the following spells:

 Spells                   Type           Power      Damage    Failure   Level
 Necrotise                Necr           4%         1d4       21%         1
 Shock                    Conj/Air       4%         1d3       21%         1
 Inner Flame              Hex/Fire       8%         N/A       26%         3
 Portal Projectile        Hex/Tloc       16%        N/A       26%         3
 Cause Fear               Hex            7%         N/A       36%         4
 Swiftness                Air            1%         N/A       52%         3
 Vampiric Draining        Necr           1%         2d6       52%         3
 Airstrike                Air            0%         2d(1-17)  90%         4
 Agony                    Necr           1%         N/A       99%         5


Dungeon Overview and Level Annotations

Branches:
Dungeon (2/15)

Altars:
Yredelemnul

Annotations:
D:2 Crazy Yiuf


Message History

No target in view!
No target in view!
No target in view!
No target in view!
No target in view!
No target in view!
No target in view!
No target in view!
No target in view!
No target in view!
No target in view!
No target in view!
No target in view!
No target in view!
No target in view!
Found a stone staircase leading down.
Found a hammer.
Found a runed translucent door.
Crazy Yiuf shouts!
Crazy Yiuf cries, "You leg down broken song, no?"
Found a rapier.
Found a stone staircase leading down.
You open the door.
Crazy Yiuf seems to slow down.
You shoot a sling bullet. The sling bullet hits Crazy Yiuf.
Crazy Yiuf is lightly wounded.
Crazy Yiuf completely misses you.
You shoot a sling bullet. The sling bullet hits Crazy Yiuf.
Crazy Yiuf is moderately wounded.
Crazy Yiuf hits you with a +3 quarterstaff of chaos!!
Ouch! That really hurt!
* * * LOW HITPOINT WARNING * * *
You are lethally poisoned!
You are too injured to fight recklessly!
You are too injured to fight recklessly!
Fire: a) +1 sling
Press: ? - help, Shift-Dir - straight line, f/p - Crazy Yiuf
Aim: Crazy Yiuf, wielding a +3 quarterstaff of chaos and wearing a +0 cloak (moderately wounded, slow, 65% to hit)
You shoot a sling bullet. The sling bullet hits Crazy Yiuf.
Crazy Yiuf is heavily wounded.
You die...

...............#
##############.#
.............#.#
.###############
........# ##....###
........##♣♣ ###
..####...#.♣♣ ♣♣#..)#
..........♣.♣♣♣♣@g...#
...##........♣..♣#...#
...#..#..#..♣.♣♣♣ ###
......####♣♣♣♣♣
........# .....#####
.........##
..........#
..........#


You could see Crazy Yiuf (slow).

Vanquished Creatures
  A worm (D:2)
  2 dart slugs
  7 ball pythons
  3 giant cockroaches
  4 goblins
  4 hobgoblins
  2 quokkas (D:2)
  3 bats (D:1)
  5 frilled lizards (D:1)
  3 kobolds
  6 rats
40 creatures vanquished.

Notes
Turn   | Place    | Note
-------+----------+-------------------------------------------
     0 | D:1      | Persephone the Deep Elf Arcane Marksman began the quest for
                  | the Orb.
     0 | D:1      | Reached XP level 1. HP: 11/11 MP: 5/5
    43 | D:1      | Reached skill level 1 in Fighting
    96 | D:1      | Reached XP level 2. HP: 16/16 MP: 6/6
   134 | D:1      | Found a faded altar of an unknown god.
   134 | D:1      | Noticed a golden eye
   149 | D:1      | Noticed a floating eye
   156 | D:1      | Noticed an eye of devastation
   159 | D:1      | Noticed a floating eye
  1047 | D:2      | Reached XP level 3. HP: 21/21 MP: 5/7
  1232 | D:2      | Found a basalt altar of Yredelemnul.
  1387 | D:2      | Found a runed translucent door.
  1388 | D:2      | Noticed Crazy Yiuf
  1451 | D:2      | Succumbed to Crazy Yiuf's poison

Illustrated notes

Levels and vault maps discovered:
D:1:      evilmike_arrival_fibonacci_small, layout_loops_ring,
          hellmonk_ecumenical_altar_watching_god
D:2:      cheibrodos_greedy_goblins, layout_basic, basic_altar, serial_shops,
          nicolae_shop_hallway_stairs, moated_statue, uniq_crazy_yiuf_cottage

Skill      XL: |  1  2  3 |
---------------+----------+-----
Fighting       | 1 2 |  2.0
Ranged Weapons | 3 4 |  4.1
Dodging        | |  2.4
Spellcasting   | |  1.5
Hexes          | |  4.0

Action                   || total
-------------------------++-------
Melee: Unarmed           ||    21
 Fire: Sling             ||   123
 Cast: Slow              ||    15
Armor: Robe              ||    11
Dodge: Dodged            ||    64
